 Dungeon Crawl Stone Soup version 0.14.0-12-g87ee3b7 (webtiles) character file.

58729 4tharraofdagon the Severer (level 14, -5/103 HPs)
             Began as a Gargoyle Gladiator on Apr 16, 2014.
             Was the Champion of Makhleb.
             Killed from afar by a deep elf annihilator (64 damage)
             ... with a crystal spear
             ... on Level 3 of the Elven Halls.
             The game lasted 01:16:59 (10609 turns).

4tharraofdagon the Severer (Gargoyle Gladiator)    Turns: 10609, Time: 01:17:00

HP  -5/103       AC 24     Str 25 (26) XL: 14   Next: 90%
MP  25/25        EV 14     Int 20      God: Makhleb [******]
Gold 291         SH 23     Dex 13 (14) Spells:  0 memorised, 21 levels left

rFire  . . .     SeeInvis +     q - +3,+11 broad axe of Xopemeec {drain, Str+2 Int+2}
rCold  + + .     Clarity  .     E - +3 chain mail of Enisiomo {+Rage Dex+1 SInv}
rNeg   + . .     Conserve +     F - -2 large shield {rC+}
rPois  +         rCorr    .     m - +0 helmet {Int+3}
rElec  +         rRot     +     a - +0 cloak
SustAb . .       Spirit   .     (no gloves)
rMut   .         Warding  .     o - -4 pair of boots of the Blacksmith {rC+ Int+3 Dam+3}
Saprov . . .     Stasis   .     r - amulet of conservation
MR     +....                    J - +6 ring of evasion
                                d - +0,+6 ring of slaying

@: mighty, agile, somewhat resistant to hostile enchantments, extremely
unstealthy
A: able to fly continuously, large and strong wings, yellow scales 1, clumsy 1,
deformed body, deterioration 1, dopey 1, life protection 1, robust 1,
electricity resistance, unbreathing, petrification resistance, AC +9
a: Fly, Minor Destruction, Lesser Servant of Makhleb, Major Destruction, Greater
Servant of Makhleb, Renounce Religion, Evoke Berserk Rage


You were on level 3 of the Elven Halls.
You worshipped Makhleb.
Makhleb was exalted by your worship.
You were full.

You visited 5 branches of the dungeon, and saw 28 of its levels.
You visited the Abyss 1 time.
You also visited: Labyrinth.

You collected 1850 gold pieces.
You spent 1559 gold pieces at shops.

Inventory:

Hand weapons
 q - the +3,+11 broad axe of Xopemeec (weapon) {drain, Str+2 Int+2}
   (You bought it in a shop on level 4 of the Orcish Mines)

   A truly terrible weapon, it drains the life of those it strikes.
   It affects your strength (+2).
   It affects your intelligence (+2).
 z - a +2 blowgun
Missiles
 y - 12 darts (quivered)
Armour
 a - a +0 cloak (worn)
 h - a +1 hat of see invisible
 m - a +0 helmet of intelligence (worn)
 o - the -4 pair of boots of the Blacksmith (worn) {rC+ Int+3 Dam+3}
   (You bought it in a shop on level 4 of the Orcish Mines)

   It affects your intelligence (+3).
   It affects your damage with ranged weapons and melee attacks (+3).
   It protects you from cold.
 D - the -2 troll leather armour "Qilod" {Str+3 Int+2}
   (You bought it in a shop on level 4 of the Orcish Mines)

   It affects your strength (+3).
   It affects your intelligence (+2).
 E - the +3 chain mail of Enisiomo (worn) {+Rage Dex+1 SInv}
   (You found it in a labyrinth)

   It affects your dexterity (+1).
   It enhances your eyesight.
   It lets you go berserk.
 F - a -2 large shield of cold resistance (worn)
Magical devices
 e - a wand of digging (9)
 w - a wand of enslavement (17)
 R - a wand of fire (9)
 S - a wand of digging (8)
 V - a wand of polymorph (10)
Comestibles
 f - 6 bread rations
 g - 8 slices of pizza
 i - 2 chokos
 C - 6 meat rations
Scrolls
 c - a scroll of identify
 j - a scroll of fog
 k - 3 scrolls of amnesia
 p - 2 scrolls of noise
 t - a scroll of enchant weapon I
 u - 2 scrolls of enchant armour
 x - 3 scrolls of enchant weapon II
 A - a scroll of immolation
 G - a scroll of teleportation
 I - 3 scrolls of remove curse
 L - a scroll of recharging
 W - a scroll of magic mapping
 X - a scroll of blinking
Jewellery
 d - a +0,+6 ring of slaying (left hand)
 r - an amulet of conservation (around neck)
 s - an uncursed ring of teleport control
 H - an uncursed ring of flight
 J - a +6 ring of evasion (right hand)
 K - an uncursed ring of see invisible
 Y - an uncursed amulet of clarity
Potions
 b - a potion of agility
 l - 3 potions of restore abilities
 n - a potion of poison
 v - a potion of confusion
 B - a potion of brilliance
 N - a potion of curing
 Q - 2 potions of lignification
 T - a potion of resistance
Books
 M - the Compendium of Dislocation
   (You found it on level 4 of the Lair of Beasts)

   Spells                             Type                      Level
   Blink                              Translocation                2
   Teleport Other                     Translocation                3
   Summon Forest                      Summoning/Translocation      5
   Disjunction                        Translocation                8
 O - a book of War Chants

   Spells                             Type                      Level
   Fire Brand                         Charms/Fire                  2
   Freezing Aura                      Charms/Ice                   2
   Shroud of Golubria                 Charms/Translocation         2
   Repel Missiles                     Charms/Air                   2
   Poison Weapon                      Charms/Poison                3
   Regeneration                       Charms/Necromancy            3
Miscellaneous
 P - a lantern of shadows
 U - a plain deck of changes


   Skills:
 + Level 13.3 Fighting
 * Level 15.4 Axes
 - Level 2.0 Throwing
 + Level 13.1 Armour
 - Level 2.4 Dodging
 - Level 4.3 Spellcasting
 - Level 4.1 Invocations
 - Level 5.2 Evocations


You had 21 spell levels left.
You didn't know any spells.

Dungeon Overview and Level Annotations

Branches:
Dungeon (12/15)            Temple (1/1) D:7             Orc (4/4) D:11
    Elf (3/3) Orc:3          Lair (8/8) D:10          Swamp (0/5) Lair:4
 Spider (0/5) Lair:6        Slime (0/6) Lair:8

Altars:
Ashenzari
Cheibriados
Fedhas
Makhleb
Trog
Vehumet
Zin
The Shining One
Beogh

Shops:
D:7 ?   Orc:1 =   Orc:4 *:([*

Portals:
Trove: D:10 (give 2 potions of cure mutation)

Annotations:
D:7 Crazy Yiuf; inmateoo's ghost, experienced HuHe
D:8 Edmund


Innate Abilities, Weirdness & Mutations

You are resistant to torment.
You are immune to poison.
You are immune to rotting.
You can fly continuously.
Your stone body is very resilient (AC +9).
Your wings are large and strong.
You resist negative energy.
You are resistant to electric shocks.
You can survive without breathing.
You are immune to petrification.
You are partially covered in yellow scales (AC +2).
You are clumsy. (Dex -2)
Armour fits poorly on your strangely shaped body.
Your body is slowly deteriorating.
You are dopey. (Int -2)
You are robust (+10% HP).


Message History

Makhleb accepts your kill.
You feel a little better.
A deep elf annihilator comes into view. It is wielding a cutlass.
You slash the deep elf annihilator! You drain the deep elf annihilator!
The deep elf annihilator is moderately wounded.
You slash the deep elf annihilator! You drain the deep elf annihilator!
The deep elf annihilator is heavily wounded.
The deep elf annihilator unwields an uncursed cutlass.
The deep elf annihilator drops an uncursed cutlass.
The deep elf annihilator picks up a long sword.
The deep elf annihilator wields a long sword.
Drink which item? (? for menu, Esc to quit)
You feel very mighty all of a sudden.
The deep elf annihilator hits you but does no damage.
You slice the deep elf annihilator!!
The deep elf annihilator is almost dead.
The deep elf annihilator gestures at you while chanting.
The crystal spear hits you!
Ouch! That really hurt!
You die...

#####.....'...# *,.#
#.....##..# *..#
#.<...##..#####... ##
##....##.......(.. #.#
##...##..######.. #.#
##..##..# #.. #.#
#'###..######.. #.###.#
#.......... #@#.e#
#..#####... ##e#.# #..#
##''# #.##.# #..# ##....
#.# #.####.# #..... #.#
#...##.# #.....
******##***##..####*######
**,, *,,**,,*#e.#*,,**,,**,
*,,,,,,,,,,,,#..#,,,,,,,,,,
*,,,,,,,,,,,,#..#,,,,,, ,,,


You could see a deep elf annihilator.

Vanquished Creatures
  A tentacled starspawn (Abyss:3)
  A deep elf sorcerer (Elf:3)
  A deep elf demonologist (Elf:3)
  A minotaur (Lab)
  3 deep elf annihilators (Elf:3)
  5 dire elephants (Lair:8)
  2 hydras
  2 thrashing horrors (Abyss:2)
  2 large abominations
  An orc high priest (Orc:4)
  A catoblepas (Lair:6)
  4 deep elf knights
  An unseen horror (D:12)
  3 deep elf conjurers
  3 hill giants
  A griffon (Lair:4)
  3 orc knights (Orc:4)
  3 orc sorcerers
  A swamp dragon (Lair:4)
  2 black mambas
  An orange demon (Abyss:2)
  An apocalypse crab (Abyss:2)
  Maurice (Orc:4)
  Joseph (Lair:1)
  6 gargoyles (Lab)
  4 elephants (Lair:8)
  A fire drake (Lair:8)
  2 ancient zymes
  2 deep elf priests
  10 wandering mushrooms
  A troll (Orc:4)
  A two-headed ogre (D:9)
  A raiju (shapeshifter) (Elf:3)
  4 spiny frogs
  4 basilisks (Lab)
  2 wyverns (D:8)
  2 ynoxinuls (Abyss:1)
  A shark (Lair:4)
  A shadow (Lab)
  31 yaks
  3 deep elf magi
  5 komodo dragons
  A baby alligator (Lair:4)
  Eustachio (D:7)
  6 blink frogs
  5 hippogriffs
  2 neqoxecs
  11 wolves
  2 hungry ghosts
  7 deep elf fighters
  4 porcupines
  3 ugly things
  2 small abominations
  6 water moccasins
  7 spiders (Lair:6)
  An elephant slug (Lair:7)
  A warg (Orc:1)
  A phantom (D:8)
  A sky beast (D:7)
  3 ice beasts (D:8)
  2 yellow wasps
  6 ogres
  8 centaurs
  A big kobold (D:11)
  7 giant frogs
  15 crocodiles
  3 giant slugs
  A cyclops zombie (D:10)
  19 orc warriors
  A troll zombie (Orc:4)
  3 scorpions
  A brain worm (Lair:7)
  A killer bee (D:9)
  A crimson imp (D:9)
  13 starcursed masses
  2 centaur skeletons
  5 hounds
  An electric eel (D:8)
  An eye of draining (D:11)
  16 orc priests
  A giant frog skeleton (D:4)
  An iron imp (Abyss:2)
  2 quasits (D:12)
  2 big fish
  A goliath beetle (D:12)
  6 worker ants
  4 iguanas
  18 orc wizards
  29 sheep
  Terence (D:2)
  A mummy (D:10)
  2 jellies
  10 adders
  7 gnolls (D:9)
  3 shadow imps
  A steam dragon skeleton (D:11)
  2 worms
  A giant mite (D:5)
  9 ufetubi (Abyss:1)
  An adder zombie (D:7)
  4 orc skeletons
  3 giant geckos
  An ooze (D:5)
  91 orcs
  7 giant cockroaches
  13 goblins
  15 green rats
  11 hobgoblins
  22 jackals
  8 quokkas
  14 bats
  2 giant eyeballs
  A giant newt (D:4)
  A giant newt skeleton (D:5)
  12 kobolds
  A kobold skeleton (D:5)
  10 orc zombies
  A quokka zombie (D:6)
  20 rats
  5 ballistomycetes (D:8)
  8 fungi
  4 plants (Lair:8)
  A starspawn tentacle (Abyss:3)
654 creatures vanquished.

Vanquished Creatures (collateral kills)
  An orc warlord (Orc:4)
  Gastronok (D:8)
  Snorg (Orc:3)
  A hydra (D:11)
  An anaconda (Lair:8)
  An orc sorcerer (Orc:4)
  2 trolls (Orc:4)
  5 wolves (Lair:8)
  A water moccasin (Lair:8)
  4 orc warriors (Orc:4)
  An orc wizard (Orc:4)
  An orc priest (Orc:4)
  2 adders
  3 orcs
  A goblin (Orc:3)
26 creatures vanquished.

Vanquished Creatures (others)
  An unseen horror (Lab)
  A smoke demon (Lair:8)
  A baby alligator (Lair:4)
  2 orc wizards
  2 giant spores (D:8)
  A ballistomycete (D:8)
  3 fungi (Lair:8)
  4 starspawn tentacles (Abyss:3)
  13 tentacles (Abyss:3)
  70 tentacle segments (Abyss:3)
98 creatures vanquished.

Grand Total: 778 creatures vanquished

Notes
Turn   | Place    | Note
--------------------------------------------------------------
     0 | D:1      | 4tharraofdagon, the Gargoyle Gladiator, began the quest for the Orb.
     0 | D:1      | Reached XP level 1. HP: 12/12 MP: 1/1
   193 | D:2      | Noticed Terence
   204 | D:2      | Killed Terence
   204 | D:2      | Reached skill level 3 in Axes
   204 | D:2      | Reached XP level 2. HP: 16/18 MP: 2/2
   374 | D:3      | Reached skill level 1 in Armour
   455 | D:4      | Reached XP level 3. HP: 22/22 MP: 3/3
   469 | D:4      | Noticed a phantom
   589 | D:4      | Reached XP level 4. HP: 23/27 MP: 4/4
   620 | D:5      | Entered Level 5 of the Dungeon
   644 | D:5      | Noticed a phantom
   660 | D:5      | Reached skill level 4 in Axes
   660 | D:5      | Reached XP level 5. HP: 20/32 MP: 5/5
   936 | D:7      | Noticed Eustachio
   956 | D:7      | Killed Eustachio
   956 | D:7      | Reached XP level 6. HP: 32/38 MP: 6/6
  1035 | D:7      | Noticed inmateoo's ghost (experienced HuHe)
  1171 | D:6      | Noticed an orc warrior
  1172 | D:6      | Noticed a centaur
  1216 | D:7      | Noticed Crazy Yiuf
  1243 | D:7      | Reached skill level 5 in Axes
  1256 | D:7      | Found Weneog's Magic Scroll Emporium.
  1261 | D:7      | Bought a scroll of remove curse for 42 gold pieces
  1261 | D:7      | Bought a scroll of identify for 28 gold pieces
  1261 | D:7      | Bought a scroll of immolation for 49 gold pieces
  1262 | D:7      | Bought a scroll of identify for 28 gold pieces
  1348 | D:7      | Found a staircase to the Ecumenical Temple.
  1358 | Temple   | Entered the Ecumenical Temple
  1370 | Temple   | Became a worshipper of Makhleb the Destroyer
  1597 | D:8      | Reached XP level 7. HP: 36/43 MP: 7/7
  1606 | D:8      | Noticed a wyvern
  1616 | D:8      | Killed a wyvern
  1628 | D:8      | Noticed Edmund
  1732 | D:8      | Noticed a hippogriff
  1743 | D:8      | Killed a hippogriff
  1743 | D:8      | Reached skill level 5 in Fighting
  1743 | D:8      | Reached skill level 6 in Axes
  1743 | D:8      | Reached XP level 8. HP: 11/49 MP: 8/8
  1788 | D:9      | HP: 1/49 [centaur/arrow (13)]
  1839 | D:9      | Gained mutation: Your spells are a little harder to cast, but a little more powerful. [mutagenic meat]
  1980 | D:9      | Reached skill level 5 in Armour
  2093 | D:10     | Entered Level 10 of the Dungeon
  2120 | D:10     | Found a portal to a secret trove of treasure.
  2140 | D:10     | Reached skill level 7 in Axes
  2229 | D:9      | Noticed a two-headed ogre
  2375 | D:10     | Reached XP level 9. HP: 17/56 MP: 9/9
  2476 | D:11     | Reached skill level 8 in Axes
  2556 | D:10     | Acquired Makhleb's first power
  2830 | D:11     | Reached skill level 9 in Axes
  2879 | D:9      | Killed a two-headed ogre
  2942 | D:9      | Acquired Makhleb's second power
  3185 | D:8      | Noticed a wyvern
  3344 | D:9      | Reached XP level 10. HP: 62/64 MP: 10/10
  3481 | D:12     | Found a labyrinth entrance.
  3542 | D:12     | Reached skill level 1 in Invocations
  3583 | D:12     | Found a burning altar of Makhleb.
  3637 | Lab      | Entered a labyrinth
  4200 | Lab      | HP: 3/65 [earth elemental (17)]
  4239 | Lab      | Reached skill level 10 in Axes
  4375 | Lab      | Reached XP level 11. HP: 20/71 MP: 18/18
  4564 | Lab      | Killed an unseen horror
  4585 | Lab      | Noticed a minotaur
  4589 | Lab      | Killed a minotaur
  4589 | Lab      | Reached skill level 11 in Axes
  4609 | Lab      | Got a dazzling crystal plate armour
  4609 | Lab      | Got a faintly humming chain mail
  4610 | Lab      | Identified the +11 crystal plate armour "Fiowiem" {Str-3 Dex-1} (You found it in a labyrinth)
  4610 | Lab      | Identified the +3 chain mail of Enisiomo {+Rage Dex+1 SInv} (You found it in a labyrinth)
  4627 | D:12     | Noticed an unseen horror
  4663 | D:12     | Killed an unseen horror
  4696 | D:12     | Noticed a hill giant
  4723 | D:12     | Killed a hill giant
  4725 | D:12     | Acquired Makhleb's third power
  4747 | D:12     | Noticed a hill giant
  4754 | D:12     | Killed a hill giant
  4875 | D:12     | Reached skill level 10 in Fighting
  5017 | D:11     | Noticed a four-headed hydra
  5142 | D:11     | Acquired Makhleb's fourth power
  5179 | D:11     | Killed a four-headed hydra
  5336 | D:10     | Gained mutation: You are dopey. (Int -2) [mutagenic meat]
  5337 | D:10     | Gained mutation: You are clumsy. (Dex -2) [mutagenic meat]
  5338 | D:10     | Gained mutation: You are robust (+10% HP). [mutagenic meat]
  5339 | D:10     | Lost mutation: Your spells are a little harder to cast, but a little more powerful. [mutagenic meat]
  5378 | D:10     | Reached skill level 12 in Axes
  5446 | D:8      | Killed a wyvern
  5490 | D:8      | Reached skill level 10 in Armour
  5498 | D:8      | Noticed a hill giant
  5508 | D:8      | Killed a hill giant
  5508 | D:8      | Reached XP level 12. HP: 85/85 MP: 19/19
  5533 | D:8      | Noticed a deep elf fighter
  5540 | D:8      | Killed a deep elf fighter
  5593 | D:8      | Noticed Gastronok
  5609 | D:8      | Killed Gastronok
  5611 | D:8      | Paralysed by a giant eyeball for 4 turns
  5616 | D:8      | Paralysed by a giant eyeball for 4 turns
  5622 | D:8      | Paralysed by a giant eyeball for 2 turns
  5796 | D:10     | Found a staircase to the Lair.
  5803 | Lair:1   | Entered Level 1 of the Lair of Beasts
  5923 | Lair:1   | Noticed Joseph
  5933 | Lair:1   | Killed Joseph
  6134 | Lair:2   | Acquired Makhleb's fifth power
  6178 | Lair:2   | Reached skill level 1 in Evocations
  6344 | Lair:4   | Identified the Compendium of Dislocation
  6520 | Lair:6   | Reached skill level 1 in Spellcasting
  6535 | Lair:6   | Gained mutation: You are partially covered in yellow scales (AC +2). [potion of mutation]
  6535 | Lair:6   | Gained mutation: Your muscles are strong. (Str +2) [potion of mutation]
  6535 | Lair:6   | Lost mutation: Your muscles are strong. (Str +2) [potion of mutation]
  6612 | Lair:6   | Found a hole to the Spider Nest.
  6799 | Lair:8   | Entered Level 8 of the Lair of Beasts
  6811 | Lair:8   | Reached skill level 13 in Axes
  6998 | Lair:8   | Noticed an anaconda
  7005 | Lair:8   | Killed an anaconda
  7011 | Lair:8   | Noticed a dire elephant
  7011 | Lair:8   | Noticed a dire elephant
  7030 | Lair:8   | Killed a dire elephant
  7030 | Lair:8   | Reached XP level 13. HP: 82/92 MP: 20/20
  7031 | Lair:8   | Killed a dire elephant
  7079 | Lair:8   | Noticed a dire elephant
  7095 | Lair:8   | Killed a dire elephant
  7162 | Lair:8   | Noticed a dire elephant
  7165 | Lair:8   | Noticed a dire elephant
  7170 | Lair:8   | Killed a dire elephant
  7178 | Lair:8   | Killed a dire elephant
  7321 | Lair:8   | Found a staircase to the Slime Pits.
  7563 | Lair:7   | Noticed a five-headed hydra
  7573 | Lair:7   | Killed a 11-headed hydra
  7956 | Lair:4   | Noticed a seven-headed hydra
  7977 | Lair:4   | Found a staircase to the Swamp.
  7999 | Lair:4   | Noticed a four-headed hydra
  8003 | Lair:4   | Killed a 15-headed hydra
  8003 | Lair:4   | Reached skill level 5 in Evocations
  8270 | D:11     | Found a staircase to the Orcish Mines.
  8300 | Orc:1    | Entered Level 1 of the Orcish Mines
  8325 | Orc:1    | Paralysed by an orc sorcerer for 4 turns
  8331 | Orc:1    | Reached skill level 14 in Axes
  8374 | Orc:1    | Found Lihiakh's Jewellery Shop.
  8614 | Orc:1    | Found a bloodstained altar of Trog.
  8704 | Orc:4    | Entered Level 4 of the Orcish Mines
  8704 | Orc:4    | Found Chavvay's Assorted Antiques.
  8704 | Orc:4    | Noticed Maurice
  8716 | Orc:4    | Killed Maurice
  8787 | Orc:3    | Noticed Snorg
  8799 | Orc:3    | Killed Snorg
  8827 | Orc:3    | Found a staircase to the Elven Halls.
  8993 | Orc:4    | Gained mutation: Your wings are large and strong. [gargoyle growth]
  8993 | Orc:4    | Reached XP level 14. HP: 85/101 MP: 25/25
  9102 | Orc:4    | Noticed an orc warlord
  9117 | Orc:4    | Killed an orc warlord
  9130 | Orc:4    | Found a roughly hewn altar of Beogh.
  9142 | Orc:4    | Paralysed by an orc sorcerer for 2 turns
  9156 | Orc:4    | Paralysed by an orc sorcerer for 7 turns
  9169 | Orc:4    | Paralysed by an orc sorcerer for 4 turns
  9261 | Orc:4    | Found Kagait's Antique Armour Shoppe.
  9297 | Orc:4    | Bought a pair of shimmering boots for 199 gold pieces
  9297 | Orc:4    | Bought a warped troll leather armour for 420 gold pieces
  9310 | Orc:4    | Found Koimich's Book Shoppe.
  9325 | Orc:4    | Found Smarik's General Store.
  9341 | Orc:4    | Found Buifuoqidu's Antique Weapon Shoppe.
  9348 | Orc:4    | Bought a warped broad axe for 243 gold pieces
  9350 | Orc:4    | Identified the +3,+11 broad axe of Xopemeec {drain, Str+2 Int+2} (You bought it in a shop on level 4 of the Orcish Mines)
  9354 | Orc:4    | Identified the -4 pair of boots of the Blacksmith {rC+ Int+3 Dam+3} (You bought it in a shop on level 4 of the Orcish Mines)
  9367 | Orc:4    | Identified the cursed -2 troll leather armour "Qilod" {Str+3 Int+2} (You bought it in a shop on level 4 of the Orcish Mines)
  9781 | Orc:1    | Bought an uncursed amulet of conservation for 330 gold pieces
  9781 | Orc:1    | Bought an uncursed amulet of clarity for 220 gold pieces
  9824 | Elf:1    | Entered Level 1 of the Elven Halls
  9993 | Elf:2    | HP: 2/101 [deep elf conjurer/bolt of fire (34)]
 10012 | Elf:3    | Entered Level 3 of the Elven Halls
 10129 | Elf:3    | Noticed a deep elf sorcerer
 10147 | Elf:3    | Cast into the Abyss (deep elf sorcerer)
 10223 | Abyss:1  | Found a corrupted altar of Lugonu.
 10268 | Abyss:1  | Found a corrupted altar of Lugonu.
 10294 | Abyss:2  | Found a corrupted altar of Lugonu.
 10330 | Abyss:2  | Reached skill level 15 in Axes
 10378 | Abyss:2  | Gained mutation: Armour fits poorly on your strangely shaped body. [a neqoxec]
 10385 | Abyss:2  | Gained mutation: Your body is slowly deteriorating. [a neqoxec]
 10454 | Abyss:2  | Noticed a Hell Sentinel
 10464 | Abyss:3  | Noticed a tentacled starspawn
 10465 | Abyss:3  | Noticed a kraken
 10484 | Abyss:3  | Killed a tentacled starspawn
 10528 | Abyss:3  | Noticed a kraken
 10560 | Elf:3    | Escaped the Abyss
 10564 | Elf:3    | Killed a deep elf sorcerer
 10574 | Elf:3    | Noticed a deep elf demonologist
 10592 | Elf:3    | Killed a deep elf demonologist
 10609 | Elf:3    | Killed from afar by a deep elf annihilator

Action                   |  1- 3 |  4- 6 |  7- 9 | 10-12 | 13-15 || total
-------------------------+-------+-------+-------+-------+-------++-------
Melee: War axe           |    58 |   145 |   245 |   599 |   583 ||  1630
       Unarmed           |       |       |       |     3 |       ||     3
       Broad axe         |       |       |       |       |   191 ||   191
Throw: Throwing net      |     1 |     2 |       |       |       ||     3
       Dart              |       |       |     6 |       |       ||     6
Invok: Minor Destruction |       |       |       |    57 |       ||    57
       Lesser Servant of |       |       |       |     4 |     1 ||     5
       Greater Servant o |       |       |       |       |     1 ||     1
 Abil: Evoke Berserk Rag |       |       |       |     1 |     4 ||     5
Evoke: Wand              |       |       |     8 |    22 |     5 ||    35
  Use: Potion            |     2 |       |     2 |     1 |     5 ||    10
       Scroll            |       |     4 |     8 |    16 |    10 ||    38
 Stab: Held in net/web   |       |     1 |       |       |       ||     1
